 Dungeon Crawl Stone Soup version 0.29-a0-397-g846e4a0bbc (webtiles) character file.

Game seed: 3746697754259780391

9574 Agony the Nimble (level 11, -1/97 HPs)
             Began as a Minotaur Fighter on May 11, 2022.
             Was a Believer of Kikubaaqudgha.
             Slain by an orc
             ... wielding a +0 trident
              (8 damage)
             ... on level 2 of the Orcish Mines.
             The game lasted 00:24:40 (11991 turns).

Agony the Nimble (Minotaur Fighter)                Turns: 11991, Time: 00:24:42

Health: -1/97      AC:  9    Str: 32    XL:     11   Next: 24%
Magic:  10/10      EV: 15    Int:  5    God:    Kikubaaqudgha [**....]
Gold:   643        SH: 11    Dex: 15    Spells: 10/10 levels left

rFire   . . .      SeeInvis .   u - +2 whip (elec)
rCold   . . .      Faith    .   A - +0 kite shield
rNeg    . . .      Spirit   .   o - +3 ring mail {rPois}
rPois   +          Reflect  .   (helmet restricted)
rElec   .          Harm     .   (no cloak)
rCorr   .          Rampage  .   s - +0 pair of gloves
Will    .....                   p - +0 pair of boots
Stlth   +.........              (no amulet)
HPRegen 0.26/turn               i - +6 ring of strength
MPRegen 0.12/turn               w - +6 ring of dexterity

@: mighty, corroded
A: horns 2, retaliatory headbutt
a: Renounce Religion, Receive Corpses


You were on level 2 of the Orcish Mines.
You worshipped Kikubaaqudgha.
Kikubaaqudgha was pleased with you.
You visited 3 branches of the dungeon, and saw 12 of its levels.

You collected 723 gold pieces.
You spent 80 gold pieces at shops.

Inventory:

Hand Weapons
 a - a +0 trident
 q - a +3 war axe
 u - a +2 whip of electrocution (weapon)
Armour
 c - a +0 buckler
 o - a +3 ring mail of poison resistance (worn)
 p - a +0 pair of boots (worn)
 s - a +0 pair of gloves (worn)
 v - the +7 Kryia's mail coat {PotionHeal*2 rC+}
   (You found it on level 4 of the Dungeon)

   Potions are twice as effective at healing its wearer.
   rC:        It protects you from cold.
 A - a +0 kite shield (worn)
 K - a +0 cloak
Jewellery
 i - a +6 ring of strength (left hand)
 w - a +6 ring of dexterity (right hand)
 y - a ring of ice
 D - a ring of ice
 H - a +4 ring of protection
 M - a ring of magical power
 O - a +6 ring of dexterity
Wands
 m - a wand of polymorph (9)
 x - a wand of iceblast (9)
Scrolls
 b - 2 scrolls of immolation {unknown}
 g - 4 scrolls of teleportation
 k - a scroll of poison {unknown}
 n - a scroll of fog {unknown}
 r - a scroll of torment {unknown}
 t - a scroll of noise {unknown}
 C - a scroll of vulnerability {unknown}
 E - 2 scrolls of amnesia {unknown}
 F - a scroll of acquirement {unknown}
 I - a scroll of enchant weapon {unknown}
 J - a scroll of brand weapon {unknown}
 L - a scroll of fear {unknown}
Potions
 e - 3 potions of degeneration
 f - 4 potions of curing
 h - a potion of cancellation {unknown}
 j - 2 potions of heal wounds
 l - 3 potions of mutation
 z - a potion of haste {unknown}
 B - 2 potions of attraction
 G - a potion of flight


   Skills:
 + Level 9.5 Fighting
 * Level 8.7 Maces & Flails
 - Level 4.0 Polearms
 + Level 9.5 Armour
 * Level 10.2 Dodging
 + Level 9.6 Shields
 + Level 1.5 Necromancy


You had 10 spell levels left.
You didn't know any spells.
Your spell library contained the following spells:

 Spells                   Type           Power      Damage    Failure   Level
 Animate Skeleton         Necr           2%         N/A       65%         1
 Pain                     Necr           4%         1d4       65%         1
 Apportation              Tloc           0%         N/A       85%         1
 Shock                    Conj/Air       0%         1d3       85%         1
 Sting                    Tmut/Pois      0%         1d3       85%         1
 Corpse Rot               Necr/Air       0%         N/A       87%         2
 Poisonous Vapours        Pois/Air       0%         N/A       94%         2
 Vampiric Draining        Necr           1%         2d6       95%         3
 Ozocubu's Armour         Ice            0%         N/A       99%         3
 Swiftness                Air            0%         N/A       99%         3
 Airstrike                Air            0%         N/A       100%        4
 Dispel Undead            Necr           1%         3d6       100%        4
 Olgreb's Toxic Radiance  Pois           0%         N/A       100%        4
 Alistair's Intoxication  Tmut/Pois      0%         N/A       100%        5
 Metabolic Englaciation   Hex/Ice        0%         N/A       100%        5
 Summon Forest            Summ/Tloc      0%         N/A       100%        5
 Summon Mana Viper        Hex/Summ       0%         N/A       100%        5
 Death Channel            Necr           0%         N/A       100%        6
 Simulacrum               Ice/Necr       0%         N/A       100%        6
 Summon Cactus Giant      Summ           0%         N/A       100%        6


Dungeon Overview and Level Annotations

Branches:
Dungeon (9/15)             Temple (1/1) D:7            Lair (0/6) D:8
    Orc (2/2) D:9
    Elf: Orc:2

Altars:
Ashenzari
Cheibriados
Dithmenos
Elyvilon
Fedhas
Gozag
Hepliaklqana
Kikubaaqudgha
Makhleb
Nemelex Xobeh
Okawaru
Qazlal
Ru
Sif Muna
Trog
Uskayaw
Vehumet
Wu Jian
Xom
Yredelemnul
Zin
The Shining One

Shops:
D:5 *   D:7 *   D:8 !   Orc:2 *

Annotations:
D:2 1 runed translucent door, Crazy Yiuf
D:3 1 runed translucent door, haldagan's ghost, amateur OpFi
D:8 1 runed translucent door


Innate Abilities, Weirdness & Mutations

You have a pair of horns on your head.
You reflexively headbutt those who attack you in melee.


Message History

The troll closely misses you. The troll barely misses you.
You barely miss the orc knight. You headbutt the orc knight!
The orc knight is severely wounded.
You block the rust devil's attack.
You closely miss the orc knight.
The orc knight is severely wounded.
You block the orc's attack. The orc warrior closely misses you.
The orc high priest hits you from afar with a +0 trident.
The troll closely misses you. You furiously retaliate!
You headbutt the troll!! The troll misses you. The troll closely misses you.
The orc knight hits you with a +1 great sword!!
* * * LOW HITPOINT WARNING * * *
The rust devil barely misses you.
You hit the orc knight but do no damage.
The orc knight is severely wounded.
You block the orc's attack.
The orc warrior hits you from afar with a +0 trident.
* * * LOW HITPOINT WARNING * * *
The orc high priest prays to Beogh.
You block the orc knight's attack. The troll closely misses you.
You furiously retaliate!
You headbutt the troll!
You kill the troll!
Kikubaaqudgha accepts your kill. The rust devil misses you.
You furiously retaliate!
You headbutt the rust devil. You closely miss the orc knight.
You headbutt the orc knight!
The orc knight is almost dead.
The orc misses you. The orc warrior closely misses you.
The orc high priest hits you from afar with a +0 trident.
* * * LOW HITPOINT WARNING * * *
You block the orc knight's attack. You block the rust devil's attack.
Unknown command.
You hit the orc knight.
The orc knight is almost dead.
The sixfirhy barely misses you. x2; You furiously retaliate!
You headbutt the sixfirhy!!
The orc high priest hits you but does no damage.
The orc hits you from afar with a +0 trident!
You die...
Kikubaaqudgha rasps: "You have failed me!
Welcome... death!"

............#
.........<##
..........##
..........###
...#........#
.. #......###
# .
#.......#..#
#...o.......
##..@3......#
##4[.......#
#ooo∩......#
.oo...4...#.#
.......$.#####
..P.P..P...#
......P.....
...........##


You could see an orc knight, 2 orc high priests, an orange demon (summoned), a
rust devil (summoned), a sixfirhy (summoned), an orc warrior (strong) and 2
orcs.

Vanquished Creatures
  A cyclops (Orc:1)
  2 orc sorcerers (Orc:1)
  A kobold demonologist (D:6)
  2 trolls (Orc:2)
  A hornet (D:7)
  3 wyverns
  3 basilisks (D:8)
  3 yaks (D:9)
  A steam dragon (D:6)
  5 vampire mosquitoes
  Menkaure (D:4)
  2 acid dragons
  A warg (Orc:1)
  6 water moccasins
  An ice beast (D:6)
  5 orc warriors
  2 sky beasts
  A black bear (D:8)
  2 wolves (D:8)
  3 centaurs
  2 ogres
  3 phantoms
  A kobold brigand (D:8)
  A bullfrog (D:9)
  2 necrophages
  A gnoll sergeant (D:6)
  7 scorpions
  9 wights
  10 killer bees
  2 electric eels (D:8)
  3 hounds
  A gnoll shaman (D:9)
  8 orc priests
  2 jellies (D:6)
  5 orc wizards
  Natasha (twice) (D:3)
  Terence (D:2)
  4 iguanas
  A human skeleton (D:8)
  Robin (D:4)
  15 gnolls
  7 adders
  A white imp (D:6)
  A worm (D:2)
  A dart slug (D:4)
  29 orcs
  8 endoplasms
  3 giant cockroaches
  17 goblins
  8 hobgoblins
  8 jackals
  5 quokkas
  9 ball pythons
  8 bats
  11 kobolds
  A kobold zombie (D:8)
  21 rats
265 creatures vanquished.

Vanquished Creatures (others)
  5 fungi
  16 plants (D:8)
21 creatures vanquished.

Grand Total: 286 creatures vanquished

Notes
Turn   | Place    | Note
-------+----------+-------------------------------------------
     0 | D:1      | Agony the Minotaur Fighter began the quest for the Orb.
     0 | D:1      | Reached XP level 1. HP: 19/19 MP: 0/0
   296 | D:1      | Reached XP level 2. HP: 8/27 MP: 1/1
   530 | D:1      | Reached XP level 3. HP: 20/33 MP: 2/2
  1337 | D:2      | Noticed Terence
  1353 | D:2      | Killed Terence
  1354 | D:2      | Reached XP level 4. HP: 41/41 MP: 3/3
  1546 | D:2      | Found a runed translucent door.
  1547 | D:2      | Noticed Crazy Yiuf
  1676 | D:2      | Noticed a scorpion
  1683 | D:2      | Killed a scorpion
  1684 | D:2      | Reached XP level 5. HP: 47/47 MP: 4/4
  2548 | D:3      | Noticed Natasha
  2555 | D:3      | Killed Natasha
  2556 | D:3      | Reached skill level 1 in Maces & Flails
  2556 | D:3      | Reached skill level 5 in Armour
  2595 | D:3      | Found a faded altar of an unknown god.
  2643 | D:3      | Found a runed translucent door.
  2655 | D:3      | Noticed haldagan's ghost (amateur OpFi)
  2688 | D:3      | Noticed Natasha
  2696 | D:3      | Killed Natasha
  2697 | D:3      | Reached skill level 5 in Fighting
  2697 | D:3      | Reached skill level 5 in Shields
  3017 | D:4      | Identified the +3 mace of Jyska {vorpal, Fly rPois}
  3132 | D:4      | Found the +7 Kryia's mail coat {PotionHeal*2 rC+}
  3174 | D:4      | Noticed Menkaure
  3182 | D:4      | Killed Menkaure
  3183 | D:4      | Reached XP level 6. HP: 17/56 MP: 5/5
  3566 | D:4      | Identified the +0 robe "Vulyat" {Archmagi}
  3709 | D:4      | Identified the -6 helmet of Beogh's Whim {Dex+5}
  3709 | D:4      | Noticed Robin
  3714 | D:4      | Reached skill level 1 in Dodging
  3715 | D:4      | Killed Robin
  3725 | D:4      | Reached XP level 7. HP: 61/61 MP: 6/6
  3833 | D:4      | Reached skill level 2 in Dodging
  4083 | D:5      | Entered Level 5 of the Dungeon
  4146 | D:5      | Found Kaox's Assorted Antiques.
  4260 | D:5      | Reached skill level 3 in Dodging
  4381 | D:5      | Reached XP level 8. HP: 40/69 MP: 7/7
  4591 | D:5      | Reached skill level 4 in Dodging
  5203 | D:6      | Reached skill level 5 in Dodging
  5501 | D:6      | Noticed a kobold demonologist
  5509 | D:6      | Killed a kobold demonologist
  5510 | D:6      | Reached skill level 5 in Maces & Flails
  5510 | D:6      | Reached XP level 9. HP: 63/79 MP: 8/8
  5603 | D:6      | Reached skill level 6 in Dodging
  6069 | D:6      | Reached skill level 7 in Dodging
  6876 | D:7      | Found a staircase to the Ecumenical Temple.
  7163 | Temple   | Entered the Ecumenical Temple
  7310 | Temple   | Became a worshipper of Kikubaaqudgha
  7348 | D:7      | Found a hide-covered altar of Uskayaw.
  7614 | D:7      | Reached skill level 8 in Dodging
  7614 | D:7      | Reached XP level 10. HP: 88/88 MP: 9/9
  7620 | D:7      | Found Vocun's Serpentskin Sales.
  7666 | D:7      | Found a glowing silver altar of Zin.
  7667 | D:7      | Found a radiant altar of Vehumet.
  8688 | D:8      | Found Finora's Distillery.
  8723 | D:8      | Bought a potion of heal wounds for 80 gold pieces
  8843 | D:8      | Found a runed translucent door.
  8851 | D:8      | Found a basalt altar of Yredelemnul.
  9087 | D:8      | Found a staircase to the Lair.
  9146 | D:8      | Reached skill level 9 in Dodging
  9400 | D:8      | Reached * piety under Kikubaaqudgha
  9400 | D:8      | Received a gift from Kikubaaqudgha
 10925 | D:9      | Found a staircase to the Orcish Mines.
 11348 | Orc:1    | Entered Level 1 of the Orcish Mines
 11356 | Orc:1    | Noticed a cyclops
 11373 | Orc:1    | Killed a cyclops
 11374 | Orc:1    | Reached skill level 1 in Necromancy
 11374 | Orc:1    | Reached XP level 11. HP: 52/97 MP: 10/10
 11383 | Orc:1    | Noticed an orc sorcerer
 11398 | Orc:1    | Killed an orc sorcerer
 11405 | Orc:1    | Reached skill level 10 in Dodging
 11493 | Orc:1    | Reached ** piety under Kikubaaqudgha
 11501 | Orc:1    | Noticed an orc sorcerer
 11511 | Orc:1    | Killed an orc sorcerer
 11945 | Orc:2    | Entered Level 2 of the Orcish Mines
 11955 | Orc:2    | Found Cebel's Assorted Antiques.
 11971 | Orc:2    | Noticed an orc knight
 11971 | Orc:2    | Noticed an orc high priest
 11986 | Orc:2    | Noticed an orc high priest
 11990 | Orc:2    | Noticed a sixfirhy
 11991 | Orc:2    | Slain by an orc

Illustrated notes

Levels and vault maps discovered:
D:1:      dpeg_arrival_boxes_within_box, layout_basic, item_on_display_a
D:2:      layout_basic, uniq_crazy_yiuf_cottage, uniq_terence
D:3:      layout_basic, basic_ecumenical_altar, ebering_ghost_reflecting_pool,
          uniq_natasha
D:4:      layout_gridville, minmay_rat_hole, uniq_robin, uniq_menkaure
D:5:      layout_basic, serial_shops, nicolae_take_the_stairs
D:6:      layout_basic, minmay_misc_feat_room, serial_park_tiny_1, kb_rosetta
D:7:      layout_loops_ring, lemuel_crystal_altar,
          gammafunk_temple_overflow_pools,
          minmay_temple_entry_statues_fountains, guppyfry_shop_venom
D:8:      layout_basic, dk_yredelemnul_ordeal, minmay_lair_entry_grove,
          serial_rivers, chequers_serial_rivers_micro_c,
          chequers_serial_rivers_room_a, chequers_serial_rivers_room_a,
          chequers_serial_rivers_micro_c, chequers_serial_rivers_micro_e,
          chequers_serial_rivers_marsh, serial_shops, nicolae_shop_hallway_plus,
          nrook_pool_corridor
D:9:      layout_basic, orc_0_dummy
Temple:   regret_index_temple_mists
Orc:1:    layout_caves
Orc:2:    grunt_orc_gardens, layout_diamond_mine, grunt_orc_garden,
          grunt_orc_garden, grunt_orc_garden, grunt_orc_garden, serial_shops,
          shop, uniq_urug

Skill      XL: |  1  2  3  4  5  6  7  8  9 10 11 |
---------------+----------------------------------+-----
Armour         | 4 5 6 7 8 9 |  9.5
Fighting       | 4 5 6 7 8 9 |  9.5
Polearms       | 3 4 |  4.0
Shields        | 4 5 6 7 8 9 |  9.6
Maces & Flails | 2 3 5 6 8 |  8.7
Dodging        | 1 3 5 8 9 10 | 10.2
Necromancy     | 1 |  1.5

Action                   |  1- 3 |  4- 6 |  7- 9 | 10-12 || total
-------------------------+-------+-------+-------+-------++-------
Melee: Trident           |    86 |    75 |       |       ||   161
       Headbutt          |     6 |    11 |    50 |    57 ||   124
       Whip              |       |    51 |   249 |   270 ||   570
  Use: Potion            |       |     1 |       |     2 ||     3
       Scroll            |       |       |     5 |     4 ||     9
Armor: Scale mail        |    36 |     6 |       |       ||    42
       Skin              |     7 |       |       |       ||     7
       Ring mail         |       |    34 |    90 |   128 ||   252
Dodge: Dodged            |    33 |    54 |   151 |   135 ||   373
Block: Buckler           |    21 |    27 |    50 |       ||    98
       Kite shield       |       |       |    66 |   161 ||   227

Table legend: (Time is in decaauts)
 A = Elapsed time spent in this place.
 B = Non-inter-level travel time spent in this place.
 C = Inter-level travel time spent in this place.
 D = Time resting spent in this place.
 E = Time spent auto-exploring this place.
 F = Levels seen in this place.
 G = Mean time per level.
                   A        B        C        D        E       F      G
               +--------+--------+--------+--------+--------+-----+--------+
         Total |  12029 |  11208 |    821 |   2514 |   6962 |  12 | 1002.4 |
       Dungeon |  11192 |  10448 |    744 |   2329 |   6565 |   9 | 1243.6 |
        Temple |    209 |    183 |     26 |      0 |    149 |   1 |  209.0 |
  Orcish Mines |    627 |    577 |     50 |    185 |    248 |   2 |  313.5 |
               +--------+--------+--------+--------+--------+-----+--------+

Top non-repeatable levels by time:
     D:8: 2330 daAuts
     D:5: 1246 daAuts
     D:7: 1206 daAuts
     D:6: 1191 daAuts
     D:1: 1186 daAuts
     D:4: 1140 daAuts
     D:9: 1101 daAuts
     D:2: 959 daAuts
     D:3: 829 daAuts
   Orc:1: 585 daAuts
  Temple: 209 daAuts
   Orc:2: 42 daAuts
